 Dungeon Crawl Stone Soup version 0.29.1 (webtiles) character file.

Game seed: 16905450405510287768

4287 qw the Cleaver (level 10, -1/84 HPs)
             Began as a Minotaur Berserker on Sept 13, 2022.
             Was an Elder of Trog.
             Slain by a wolf (6 damage)
             ... led by Grum
             ... on level 8 of the Dungeon.
             The game lasted 00:03:11 (8386 turns).

qw the Cleaver (Minotaur Berserker)                 Turns: 8386, Time: 00:03:12

Health: -1/84      AC: 16    Str: 25    XL:     10   Next: 10%
Magic:  8/8        EV:  5    Int:  4    God:    Trog [****..]
Gold:   109        SH: 21    Dex: 11    Spells: 9/9 levels left

rFire   . . .      SeeInvis +   Y - +0 war axe (freeze)
rCold   . . .      Faith    .   v - +0 tower shield
rNeg    . . .      Spirit   .   q - +0 plate armour
rPois   +          Reflect  .   (helmet restricted)
rElec   .          Harm     .   n - +0 cloak
rCorr   .          Rampage  .   u - +2 pair of gloves {Stlth+}
Will    .....                   (no boots)
Stlth   ..........              (no amulet)
HPRegen 0.24/turn               b - ring of poison resistance
MPRegen 0.11/turn               i - ring of see invisible

@: on berserk cooldown
A: horns 2, retaliatory headbutt, large bone plates 2, low MP 1
a: Renounce Religion, Berserk, Trog's Hand, Brothers in Arms


You were on level 8 of the Dungeon.
You worshipped Trog.
Trog was greatly pleased with you.
You visited 1 branch of the dungeon, and saw 8 of its levels.
You also visited: Ossuary.

You collected 301 gold pieces.
You spent 192 gold pieces at shops.


Innate Abilities, Weirdness & Mutations

You have a pair of horns on your head.
You reflexively headbutt those who attack you in melee.
You are mostly covered in large bone plates. (SH +6)
Your magical capacity is low. (-10% MP)


   Skills:
 - Level 6.3 Fighting
 - Level 12.1 Axes
 - Level 1.9 Throwing
 - Level 5.3 Armour
 - Level 2.1 Dodging
 + Level 10.7 Shields


You had 9 spell levels left.
You didn't know any spells.
Your spell library was empty.

Inventory:

Hand Weapons
 g - a +0 morningstar
 Y - a +0 war axe of freezing (weapon)
Armour
 n - a +0 cloak (worn)
 q - a +0 plate armour (worn)
 u - a +2 pair of gloves of stealth (worn)
 v - a +0 tower shield (worn)
Jewellery
 b - a ring of poison resistance (left hand)
 i - a ring of see invisible (right hand)
 k - a +6 ring of strength
 r - a +6 ring of dexterity
Scrolls
 f - a scroll of identify
Potions
 a - a potion of brilliance {unknown}
 c - 2 potions of cancellation
 e - 2 potions of might
 j - a potion of magic {unknown}
 l - a potion of haste
 m - a potion of berserk rage {unknown}
 p - 4 potions of curing
 w - 2 potions of resistance

Dungeon Overview and Level Annotations

Branches:
Dungeon (8/15)             Temple (0/1) D:5         Ossuary (visited)
   Lair: D:8-11

Altars:
Ashenzari
Cheibriados
Elyvilon
Fedhas
Gozag
Hepliaklqana
Kikubaaqudgha
Okawaru
Ru
Sif Muna
Trog
Uskayaw
The Shining One

Shops:
D:6 !

Annotations:
D:6 2 runed translucent doors, qw's ghost, novice MiBe
D:7 1 runed translucent door, Crazy Yiuf
D:8 Gastronok; Grum


Message History

Found four items.
The yak bellows!
The bullfrog croaks.
Grum growls angrily.
The wolf howls! x3
You block the wolf's attack. You block Grum's attack.
Enter note: You barely miss the wolf.
You hit the wolf. You freeze the wolf.
You block the wolf's attack. x2; The wolf bites you but does no damage.
You block Grum's attack. The wolf bites you.
The bullfrog hits you but does no damage.
You closely miss the wolf. Your headbutt misses the wolf.
The wolf is moderately wounded.
You barely miss the wolf. You closely miss the bullfrog.
You block the wolf's attack. The wolf bites you but does no damage.
You block the bullfrog's attack. You block Grum's attack.
The wolf bites you but does no damage. x2
The bullfrog hits you but does no damage.
You hit the wolf. You freeze the wolf.
The wolf is moderately wounded.
You barely miss the wolf. You hit the bullfrog.
The bullfrog seems to slow down.
You freeze the bullfrog.
You block the wolf's attack. x2; Grum hits you but does no damage.
You block the wolf's attack. The wolf bites you.
The bullfrog hits you but does no damage.
You block Grum's attack.
You hit the wolf but do no damage.
The wolf is moderately wounded.
You slash the bullfrog!
The bullfrog seems to slow down.
You freeze the bullfrog. You hit the wolf. You freeze the wolf.
You block the wolf's attack. x2; The wolf bites you but does no damage.
You block the bullfrog's attack. The wolf bites you but does no damage.
You block Grum's attack.
You slash the bullfrog!
The bullfrog seems to slow down.
You freeze the bullfrog.
You kill the bullfrog!
Trog accepts your kill.
You slash the yak! You freeze the yak. You barely miss the wolf.
You hit the wolf but do no damage.
You block the wolf's attack. x2; The wolf barely misses you.
The wolf bites you but does no damage. Grum hits you but does no damage.
You block the yak's attack. The wolf bites you.
You die...

#..)### ###)..###
#.)..~.~~~.. #####...##
#....~.=.~.. .........#
#....~!7.~.. .........##
....~.?.~.. ..........#
#...~~~.~ . ..........##
#..g...7... ...........#
#hhYz.....
.........#.#####@h......
.........#....####......
.........####.# #####
.######### #.# .# #.####
## #....#####.#
####.......# #.#######
#.#


You could see Grum, a yak, 3 wolves and a wight.

Vanquished Creatures
  Grinder (D:5)
  Prince Ribbit (D:8)
  A hornet (D:8)
  Eustachio (D:5)
  A wraith (D:7)
  Duvessa (D:7)
  3 water moccasins
  4 ice beasts
  An orc warrior (D:8)
  2 black bears
  2 sky beasts (D:7)
  5 ogres
  2 centaurs
  A phantom (D:7)
  2 kobold brigands (D:7)
  4 bullfrogs
  3 necrophages
  3 scorpions
  Dowan (D:7)
  3 killer bees (D:6)
  2 hounds
  A jelly (D:4)
  5 orc priests
  2 iguanas (D:5)
  4 orc wizards
  A mummy (Ossuary)
  4 gnolls (D:3)
  5 adders
  6 worms
  4 dart slugs
  17 orcs
  2 spectral bats (Ossuary)
  6 endoplasms
  A giant cockroach (D:3)
  12 gnoll zombies (Ossuary)
  11 goblins
  8 hobgoblins
  2 jackals (D:1)
  7 quokkas
  6 ball pythons
  6 bats
  4 bat simulacra (Ossuary)
  3 frilled lizards
  5 goblin simulacra (Ossuary)
  4 goblin zombies (Ossuary)
  4 hobgoblin zombies (Ossuary)
  20 kobolds
  2 kobold simulacra (Ossuary)
  6 kobold zombies (Ossuary)
  4 orc zombies (Ossuary)
  6 rats
  3 rat simulacra (Ossuary)
  3 spectral goblins (Ossuary)
  4 spectral kobolds (Ossuary)
  4 spectral rats (Ossuary)
226 creatures vanquished.

Vanquished Creatures (others)
  A fungus (D:7)
  A plant (D:5)
  5 toadstools (D:8)
7 creatures vanquished.

Grand Total: 233 creatures vanquished

Notes
Turn   | Place    | Note
-------+----------+-------------------------------------------
     0 | D:1      | qw the Minotaur Berserker began the quest for the Orb.
     0 | D:1      | Reached XP level 1. HP: 19/19 MP: 0/0
     0 | D:1      | 0 ||| qw: Version: 0.1-a-119-g272c26d
     0 | D:1      | 0 ||| qw: Game counter: 11273
     0 | D:1      | 0 ||| qw: Always use a shield: true
     0 | D:1      | 0 ||| qw: Do Orc after D:15 true
     0 | D:1      | 0 ||| qw: Do second Lair branch before Depths: true
     0 | D:1      | 0 ||| qw: Lair rune preference: random
     0 | D:1      | 0 ||| qw: Plans: Normal
     0 | D:1      | 0 ||| PLANNING D:1-11
    55 | D:1      | Reached skill level 4 in Axes
    57 | D:1      | 57 ||| Stepping ~*~*~tactically~*~*~ (hiding).
    60 | D:1      | 60 ||| Stepping ~*~*~tactically~*~*~ (hiding).
    71 | D:1      | Reached XP level 2. HP: 23/26 MP: 1/1
   392 | D:1      | 392 ||| Stepping ~*~*~tactically~*~*~ (stealth).
   397 | D:1      | 397 ||| Stepping ~*~*~tactically~*~*~ (stealth).
   896 | D:1      | 896 ||| UPGRADING to +0 ring mail.
   906 | D:1      | 906 ||| DROPPING +0 animal skin.
   907 | D:1      | 907 ||| UPGRADING to +0 chain mail.
   917 | D:1      | 917 ||| DROPPING +0 ring mail.
   918 | D:1      | 918 ||| UPGRADING to +6 ring of dexterity.
   919 | D:1      | 919 ||| READING scroll labelled JUXUP MAPITAADAMP.
   922 | D:1      | 922 ||| READING scroll labelled RAIXIN XOIN.
   935 | D:2      | Reached skill level 5 in Axes
   982 | D:2      | 982 ||| INVOKING Berserk.
   984 | D:2      | Reached XP level 3. HP: 31/31 MP: 2/2
  1101 | D:2      | 1101 ||| Stepping ~*~*~tactically~*~*~ (stealth).
  1126 | D:2      | Reached ** piety under Trog
  1259 | D:2      | 1259 ||| INVOKING Berserk.
  1392 | D:2      | 1392 ||| Stepping ~*~*~tactically~*~*~ (stealth).
  1439 | D:2      | 1439 ||| Stepping ~*~*~tactically~*~*~ (stealth).
  1479 | D:2      | 1479 ||| INVOKING Berserk.
  1944 | D:2      | Reached skill level 6 in Axes
  1944 | D:2      | Reached XP level 4. HP: 31/39 MP: 3/3
  2309 | D:2      | 2309 ||| UPGRADING to +0 cloak.
  2314 | D:2      | 2314 ||| DROPPING ring of flight.
  2315 | D:2      | 2315 ||| UPGRADING to +6 ring of strength.
  2316 | D:2      | 2316 ||| READING scroll labelled HIATYSAMEU.
  2317 | D:2      | 2317 ||| DRINKING 2 sapphire potions.
  2317 | D:2      | Gained mutation: You occasionally lose the ability to read
                  | scrolls when taking damage. [potion of mutation]
  2317 | D:2      | Gained mutation: You possess an exceptional clarity of
                  | mind. [potion of mutation]
  2317 | D:2      | Gained mutation: Your mind is acute. (Int +4, Str/Dex -1)
                  | [potion of mutation]
  2318 | D:2      | 2318 ||| DRINKING potion of mutation.
  2318 | D:2      | Lost mutation: You possess an exceptional clarity of mind.
                  | [potion of mutation]
  2318 | D:2      | Lost mutation: You occasionally lose the ability to read
                  | scrolls when taking damage. [potion of mutation]
  2318 | D:2      | Lost mutation: Your mind is acute. (Int +4, Str/Dex -1)
                  | [potion of mutation]
  2318 | D:2      | Gained mutation: You are partially covered in large bone
                  | plates. (SH +4) [potion of mutation]
  2318 | D:2      | Gained mutation: Your magical capacity is low. (-10% MP)
                  | [potion of mutation]
  2318 | D:2      | Gained mutation: You are mostly covered in large bone
                  | plates. (SH +6) [potion of mutation]
  2488 | D:3      | 2488 ||| Stepping ~*~*~tactically~*~*~ (hiding).
  2490 | D:3      | 2490 ||| Stepping ~*~*~tactically~*~*~ (hiding).
  2494 | D:3      | 2494 ||| INVOKING Berserk.
  2509 | D:3      | 2509 ||| Stepping ~*~*~tactically~*~*~ (stealth).
  2520 | D:3      | 2520 ||| Stepping ~*~*~tactically~*~*~ (stealth).
  2837 | D:3      | 2837 ||| INVOKING Berserk.
  2842 | D:3      | Reached skill level 7 in Axes
  2842 | D:3      | Reached XP level 5. HP: 45/45 MP: 3/3
  2896 | D:3      | 2896 ||| INVOKING Berserk.
  2962 | D:3      | Found a faded altar of an unknown god.
  3085 | D:3      | 3085 ||| UPGRADING to ring of poison resistance.
  3087 | D:3      | 3087 ||| DRINKING 2 fizzy grey potions.
  3154 | D:4      | Noticed an ogre
  3156 | D:4      | 3156 ||| INVOKING Berserk.
  3160 | D:4      | Killed an ogre
  3161 | D:4      | Reached XP level 6. HP: 53/53 MP: 4/4
  3445 | D:4      | Reached skill level 8 in Axes
  3452 | D:4      | 3452 ||| INVOKING Berserk.
  3478 | D:4      | 3478 ||| Stepping ~*~*~tactically~*~*~ (stealth).
  3487 | D:4      | 3487 ||| Stepping ~*~*~tactically~*~*~ (stealth).
  3534 | D:4      | 3534 ||| INVOKING Berserk.
  3539 | D:4      | Reached skill level 9 in Axes
  3800 | D:4      | Reached skill level 3 in Armour
  3800 | D:4      | Reached XP level 7. HP: 58/60 MP: 5/5
  3876 | D:4      | 3876 ||| Stepping ~*~*~tactically~*~*~ (hiding).
  4016 | D:4      | 4016 ||| INVOKING Berserk.
  4138 | D:4      | 4138 ||| Stepping ~*~*~tactically~*~*~ (stealth).
  4141 | D:4      | 4141 ||| Stepping ~*~*~tactically~*~*~ (stealth).
  4143 | D:4      | 4143 ||| Stepping ~*~*~tactically~*~*~ (stealth).
  4144 | D:4      | 4144 ||| Stepping ~*~*~tactically~*~*~ (stealth).
  4147 | D:4      | 4147 ||| Stepping ~*~*~tactically~*~*~ (stealth).
  4148 | D:4      | 4148 ||| Stepping ~*~*~tactically~*~*~ (stealth).
  4149 | D:4      | 4149 ||| Stepping ~*~*~tactically~*~*~ (stealth).
  4150 | D:4      | 4150 ||| Stepping ~*~*~tactically~*~*~ (stealth).
  4154 | D:4      | 4154 ||| Stepping ~*~*~tactically~*~*~ (stealth).
  4155 | D:4      | 4155 ||| INVOKING Berserk.
  4318 | D:4      | Found an ancient bone altar of Kikubaaqudgha.
  4332 | D:4      | 4332 ||| Stepping ~*~*~tactically~*~*~ (stealth).
  4333 | D:4      | 4333 ||| Stepping ~*~*~tactically~*~*~ (stealth).
  4334 | D:4      | 4334 ||| Stepping ~*~*~tactically~*~*~ (stealth).
  4415 | D:4      | 4415 ||| DROPPING +0 mace.
  4416 | D:4      | 4416 ||| UPGRADING to +0 plate armour.
  4426 | D:4      | 4426 ||| DROPPING +0 chain mail.
  4427 | D:4      | 4427 ||| READING scroll labelled MIRCHI XAMELAZA.
  4428 | D:4      | 4428 ||| DRINKING 2 grey potions.
  4449 | D:5      | Entered Level 5 of the Dungeon
  4458 | D:5      | 4458 ||| Stepping ~*~*~tactically~*~*~ (stealth).
  4470 | D:5      | 4470 ||| INVOKING Berserk.
  4500 | D:5      | Reached skill level 10 in Axes
  4579 | D:5      | 4579 ||| SWAPPING to +3 hand axe.
  4580 | D:5      | 4580 ||| DROPPING +0 hand axe of venom.
  4594 | D:5      | 4594 ||| INVOKING Berserk.
  4597 | D:5      | Reached skill level 1 in Throwing
  4697 | D:5      | 4697 ||| INVOKING Berserk.
  4701 | D:5      | Reached XP level 8. HP: 70/70 MP: 6/6
  4816 | D:5      | 4816 ||| Stepping ~*~*~tactically~*~*~ (hiding).
  4817 | D:5      | 4817 ||| Stepping ~*~*~tactically~*~*~ (hiding).
  4821 | D:5      | 4821 ||| INVOKING Berserk.
  4823 | D:5      | Reached skill level 6 in Fighting
  4998 | D:5      | Found a broken altar of Ashenzari.
  5232 | D:5      | Noticed Eustachio
  5238 | D:5      | Reached skill level 11 in Axes
  5240 | D:5      | 5240 ||| INVOKING Berserk.
  5264 | D:5      | Killed Eustachio
  5335 | D:5      | 5335 ||| Stepping ~*~*~tactically~*~*~ (stealth).
  5338 | D:5      | 5338 ||| Stepping ~*~*~tactically~*~*~ (stealth).
  5525 | D:5      | Noticed Grinder
  5526 | D:5      | 5526 ||| INVOKING Trog's Hand.
  5529 | D:5      | 5529 ||| INVOKING Berserk.
  5532 | D:5      | Killed Grinder
  5533 | D:5      | Reached skill level 12 in Axes
  5660 | D:5      | Found a staircase to the Ecumenical Temple.
  5845 | D:5      | 5845 ||| UPGRADING to +2 pair of gloves of stealth.
  5850 | D:5      | 5850 ||| UPGRADING to +0 tower shield.
  5855 | D:5      | 5855 ||| UPGRADING to ring of see invisible.
  5857 | D:5      | 5857 ||| DROPPING +6 ring of intelligence.
  5858 | D:5      | 5858 ||| DRINKING 2 smoky pink potions.
  5859 | D:5      | 5859 ||| READING 3 scrolls of identify.
  5859 | D:5      | 5859 ||| IDENTIFYING black potion
  5860 | D:5      | 5860 ||| READING 2 scrolls of identify.
  5860 | D:5      | 5860 ||| IDENTIFYING clear potion
  5861 | D:5      | 5861 ||| DROPPING potion of flight.
  5862 | D:5      | 5862 ||| DROPPING potion of attraction.
  5920 | D:6      | 5920 ||| Stepping ~*~*~tactically~*~*~ (stealth).
  5922 | D:6      | 5922 ||| Stepping ~*~*~tactically~*~*~ (stealth).
  5935 | D:6      | 5935 ||| SWAPPING to +0 war axe.
  5938 | D:6      | 5938 ||| INVOKING Berserk.
  5941 | D:6      | Reached skill level 1 in Shields
  5948 | D:6      | Reached XP level 9. HP: 52/77 MP: 7/7
  6050 | D:6      | 6050 ||| DROPPING +3 hand axe.
  6170 | D:6      | Found a hide-covered altar of Uskayaw.
  6179 | D:6      | Found a runed translucent door.
  6180 | D:6      | Noticed qw's ghost (novice MiBe)
  6236 | D:6      | Found a white marble altar of Elyvilon.
  6241 | D:6      | Found a blossoming altar of Fedhas.
  6246 | D:6      | Found a hazy altar of Hepliaklqana.
  6275 | D:6      | Found a runed translucent door.
  6290 | D:6      | Found a glowing golden altar of the Shining One.
  6291 | D:6      | Found a shimmering blue altar of Sif Muna.
  6292 | D:6      | Found a bloodstained altar of Trog.
  6333 | D:6      | Reached skill level 3 in Shields
  6471 | D:6      | Found Netzikke's Distillery.
  6479 | D:6      | 6479 ||| BUYING potion of cancellation (96 gold).
  6479 | D:6      | Bought a potion of cancellation for 96 gold pieces
  6479 | D:6      | 6479 ||| BUYING potion of cancellation (96 gold).
  6479 | D:6      | Bought a potion of cancellation for 96 gold pieces
  6479 | D:6      | 6479 ||| SHOPLISTING potion of curing (36 gold, have 18).
  6479 | D:6      | 6479 ||| SHOPLISTING potion of haste (120 gold, have 18).
  6479 | D:6      | 6479 ||| SHOPLISTING potion of might (48 gold, have 18).
  6479 | D:6      | 6479 ||| SHOPLISTING potion of resistance (120 gold, have
                  | 18).
  6524 | D:6      | 6524 ||| DROPPING +0 flail.
  6556 | D:6      | Found a sacrificial altar of Ru.
  6619 | D:6      | 6619 ||| DRINKING 2 ruby potions.
  6664 | D:6      | 6664 ||| DRINKING 3 viscous cyan potions.
  6665 | D:6      | 6665 ||| DROPPING potion of lignification.
  6677 | D:7      | 6677 ||| PLANNING OSSUARY
  6680 | D:7      | 6680 ||| STAIRDANCE
  6815 | D:7      | 6815 ||| STAIRDANCE
  6822 | D:6      | Reached *** piety under Trog
  6919 | D:7      | 6919 ||| Stepping ~*~*~tactically~*~*~ (stealth).
  6936 | D:7      | Reached skill level 6 in Shields
  6971 | D:7      | Noticed Dowan
  6972 | D:7      | Noticed Duvessa
  6973 | D:7      | Found a sand-covered staircase.
  6974 | D:7      | 6974 ||| INVOKING Berserk.
  6979 | D:7      | Killed Duvessa
  6981 | D:7      | Killed Dowan
  7092 | Ossuary  | Entered an ossuary
  7168 | Ossuary  | Reached **** piety under Trog
  7286 | Ossuary  | 7286 ||| Stepping ~*~*~tactically~*~*~ (stealth).
  7324 | Ossuary  | 7324 ||| Stepping ~*~*~tactically~*~*~ (stealth).
  7326 | Ossuary  | 7326 ||| Stepping ~*~*~tactically~*~*~ (stealth).
  7372 | Ossuary  | 7372 ||| READING scroll of brand weapon.
  7372 | Ossuary  | 7372 ||| BRANDING +0 war axe.
  7413 | Ossuary  | 7413 ||| Stepping ~*~*~tactically~*~*~ (stealth).
  7473 | Ossuary  | 7473 ||| Stepping ~*~*~tactically~*~*~ (stealth).
  7480 | Ossuary  | 7480 ||| Stepping ~*~*~tactically~*~*~ (stealth).
  7481 | Ossuary  | 7481 ||| Stepping ~*~*~tactically~*~*~ (stealth).
  7540 | Ossuary  | 7540 ||| READING 2 scrolls labelled RYODIRHIPN.
  7541 | Ossuary  | 7541 ||| READING scroll labelled XABIMN ARGHODO.
  7542 | Ossuary  | 7542 ||| DROPPING scroll of fear.
  7546 | D:7      | 7546 ||| PLANNING D:1-11
  7558 | D:7      | Found an opulent altar of Gozag.
  7559 | D:7      | 7559 ||| Stepping ~*~*~tactically~*~*~ (water).
  7562 | D:7      | 7562 ||| Stepping ~*~*~tactically~*~*~ (water).
  7563 | D:7      | Reached ***** piety under Trog
  7658 | D:7      | 7658 ||| Stepping ~*~*~tactically~*~*~ (stealth).
  7659 | D:7      | 7659 ||| Stepping ~*~*~tactically~*~*~ (stealth).
  7663 | D:7      | 7663 ||| Stepping ~*~*~tactically~*~*~ (hiding).
  7667 | D:7      | Reached skill level 9 in Shields
  7712 | D:7      | 7712 ||| Stepping ~*~*~tactically~*~*~ (stealth).
  7718 | D:7      | 7718 ||| Stepping ~*~*~tactically~*~*~ (stealth).
  7722 | D:7      | 7722 ||| Stepping ~*~*~tactically~*~*~ (stealth).
  7835 | D:7      | Found a runed translucent door.
  7836 | D:7      | Noticed Crazy Yiuf
  7954 | D:7      | Found a snail-covered altar of Cheibriados.
  8075 | D:7      | 8075 ||| READING 2 scrolls of identify.
  8075 | D:7      | 8075 ||| IDENTIFYING coppery potion
  8076 | D:7      | 8076 ||| DROPPING potion of invisibility.
  8126 | D:8      | Noticed Prince Ribbit
  8128 | D:8      | 8128 ||| INVOKING Berserk.
  8134 | D:8      | Killed Prince Ribbit
  8135 | D:8      | Reached XP level 10. HP: 84/84 MP: 8/8
  8138 | D:8      | 8138 ||| STAIRDANCE
  8243 | D:8      | Found an iron altar of Okawaru.
  8345 | D:8      | 8345 ||| Stepping ~*~*~tactically~*~*~ (stealth).
  8352 | D:8      | 8352 ||| INVOKING Berserk.
  8358 | D:8      | Noticed Gastronok
  8377 | D:8      | HP: 16/84 [Gastronok (13)]
  8378 | D:8      | 8378 ||| READING scroll of teleportation.
  8379 | D:8      | 8379 ||| DRINKING potion of heal wounds.
  8381 | D:8      | Noticed Grum
  8382 | D:8      | HP: 6/84 [wolf[Grum] (4)]
  8386 | D:8      | Slain by a wolf

Levels and vault maps discovered:
D:1:      tarquinn_simple_flora_water_c, layout_basic
D:2:      minmay_angry_zag, layout_loops_ring, minmay_cupped
D:3:      minmay_wonky_spiral, layout_rooms,
          shapermc_ecumenical_altar_starsandcircs
D:4:      layout_basic, lemuel_doored_altar, hex_large, nicolae_hexahallways
D:5:      layout_basic, cheibrodos_ashenzari_chains,
          minmay_temple_entry_sparse_star, serial_bayou_crossing,
          uniq_eustachio, uniq_grinder
D:6:      layout_loops_cross, kennysheep_mini,
          gammafunk_temple_overflow_forgotten, grunt_temple_overflow_open,
          ebering_ghost_sewer_f, nicolae_stop_n_shop_1
D:7:      layout_basic, kennysheep_mini_moat, marbit_many_paths,
          enter_ossuary_1, minmay_diced_spiral, uniq_duvessa,
          uniq_crazy_yiuf_cottage
D:8:      layout_basic, old_standard_altar, minmay_gold_behind_fungi,
          kennysheep_potato, uniq_prince_ribbit1, uniq_gastronok, uniq_grum

Skill      XL: |  1  2  3  4  5  6  7  8  9 |
---------------+----------------------------+-----
Axes           | 4 5 6 7 9 10 12 | 12.1
Fighting       | 4 5 6 |  6.3
Armour         | 3 4 5 |  5.3
Throwing       | 1 |  1.9
Shields        | 1 10 | 10.7
Dodging        | |  2.1

Action                   |  1- 3 |  4- 6 |  7- 9 | 10-12 || total
-------------------------+-------+-------+-------+-------++-------
Melee: Hand axe          |    87 |    96 |    98 |       ||   281
       Headbutt          |    10 |    13 |    47 |     6 ||    76
       War axe           |       |       |   220 |    31 ||   251
Throw: Boomerang         |       |       |    20 |       ||    20
Invok: Berserk           |     3 |     6 |    11 |     1 ||    21
       Trog's Hand       |       |       |     1 |       ||     1
  Use: Scroll            |     2 |     1 |     7 |     1 ||    11
       Potion            |       |     3 |     4 |     1 ||     8
Armor: Animal skin       |     4 |       |       |       ||     4
       Chain mail        |    19 |    16 |     3 |       ||    38
       Plate armour      |       |       |    90 |    19 ||   109
Dodge: Dodged            |    26 |    26 |    40 |     2 ||    94
Block: Other             |       |    16 |    25 |       ||    41
       Tower shield      |       |       |   162 |    46 ||   208

Table legend:
 A = Non-vault XP
 B = Vault XP
 C = Vault XP percentage of total XP
 D = Non-vault monster count
 E = Vault monster count
 F = Vault count percentage of total count
                 A         B        C        D         E       F
            +---------+---------+-------+---------+---------+-------
      Total |    4565 |    1656 |  26.6 |     148 |      78 |  34.5
            +---------+---------+-------+---------+---------+-------
        D:1 |      33 |       0 |   0.0 |      19 |       0 |   0.0
        D:2 |      74 |      15 |  16.9 |      26 |       7 |  21.2
        D:3 |      95 |       2 |   2.1 |      19 |       2 |   9.5
        D:4 |     771 |       0 |   0.0 |      23 |       0 |   0.0
        D:5 |    1240 |     508 |  29.1 |      26 |       2 |   7.1
        D:6 |     609 |       0 |   0.0 |      12 |       0 |   0.0
        D:7 |    1177 |     670 |  36.3 |      17 |       7 |  29.2
        D:8 |     566 |     373 |  39.7 |       6 |       2 |  25.0
    Ossuary |       0 |      88 | 100.0 |       0 |      58 | 100.0
            +---------+---------+-------+---------+---------+-------
